 Dungeon Crawl Stone Soup version 0.23.1 (webtiles) character file.

Game seed: 15854191028798308575

4652 LostNumber the Insei (level 10, -1/74 HPs)
             Began as a Gnoll Transmuter on Mar 2, 2019.
             Was a Priest of Ru.
             Slain by a two-headed ogre
             ... wielding a +0 giant club
              (19 damage)
             ... on level 9 of the Dungeon.
             The game lasted 00:17:03 (8172 turns).

LostNumber the Insei (Gnoll Transmuter)             Turns: 8172, Time: 00:17:03

Health: -1/74      AC: 16    Str: 13    XL:     10   Next: 43%
Magic:  15/19      EV: 14    Int: 19    God:    Ru [***...]
Gold:   499        SH:  0    Dex: 15    Spells: 7/22 levels left

rFire    . . .     SeeInvis .   y - +6 short sword (speed)
rCold    . . .     Gourm    .   (no shield)
rNeg     . . .     Faith    .   G - +2 ring mail {rPois}
rPois    +         Spirit   .   w - +0 helmet
rElec    .         Reflect  .   E - +0 cloak
rCorr    .         Harm     .   p - +0 pair of gloves
MR       .....                  j - +1 pair of boots
Stlth    ..........             J - amulet of rage
HPRegen  0.22/turn              c - +3 ring of protection
MPRegen  0.16/turn              (no ring)

@: lightly drained
A: distributed training, fangs 1, no stealth, magic vulnerability 1, unskilled
1, strong nose
a: Draw Out Power, Renounce Religion, Evoke Berserk Rage


You were on level 9 of the Dungeon.
You worshipped Ru.
Ru was most pleased with you.
You were not hungry.

You visited 1 branch of the dungeon, and saw 9 of its levels.
You also visited: Ossuary.

You collected 499 gold pieces.

Inventory:

Hand Weapons
 y - a +6 short sword of speed (weapon)
   (You took it off Terence on level 2 of the Dungeon)
 M - a +4 hand axe of freezing
   (You took it off a wight on level 7 of the Dungeon)
Missiles
 a - 108 arrows
Armour
 b - a +0 robe
 j - a +1 pair of boots (worn)
   (You found it on level 2 of the Dungeon)
 p - a +0 pair of gloves (worn)
   (You found it on level 2 of the Dungeon)
 w - a +0 helmet (worn)
   (You found it on level 3 of the Dungeon)
 A - a +1 scale mail of magic resistance
   (You took it off Terence on level 2 of the Dungeon)
 E - a +0 cloak (worn)
   (You took it off Crazy Yiuf on level 4 of the Dungeon)
 G - a +2 ring mail of poison resistance (worn)
   (You found it on level 4 of the Dungeon)
Magical Staves
 k - an uncursed staff of wizardry {!a}
   (You found it on level 2 of the Dungeon)
Jewellery
 c - a +3 ring of protection (left hand)
   (You found it on level 1 of the Dungeon)
 J - an amulet of rage (around neck)
   (You found it on level 7 of the Dungeon)
Wands
 d - a wand of iceblast (7)
   (You took it off an orc on level 4 of the Dungeon)
 u - a wand of paralysis (7)
   (You found it on level 4 of the Dungeon)
 v - a wand of digging (9)
   (You took it off Ijyb on level 4 of the Dungeon)
Scrolls
 l - 6 scrolls of teleportation {unknown}
 m - 4 scrolls of enchant weapon {unknown}
 o - 3 scrolls of immolation {unknown}
 r - 2 scrolls of magic mapping {unknown}
 F - 7 scrolls of remove curse {unknown}
Potions
 f - 2 potions of flight
 g - a potion of lignification {!q}
 h - a potion of berserk rage {unknown}
 i - 2 potions of heal wounds {unknown}
 n - 4 potions of brilliance
 s - a potion of might {unknown}
 t - 2 potions of mutation {!q}
 B - 2 potions of resistance
 D - 5 potions of haste {@q3}
 H - a potion of curing {@q1}
 I - a potion of magic {unknown}
 K - a potion of cancellation
 L - a potion of invisibility {unknown}
Comestibles
 e - 10 rations {!d}
 q - 4 chunks of flesh


   Skills:
 + Level 5.3(4.8) Fighting
 + Level 4.7(4.2) Short Blades
 + Level 4.7(4.2) Long Blades
 + Level 4.7(4.2) Axes
 + Level 4.7(4.2) Maces & Flails
 + Level 4.7(4.2) Polearms
 + Level 4.7(4.2) Staves
 + Level 4.7(4.2) Slings
 + Level 4.7(4.2) Bows
 + Level 4.7(4.2) Crossbows
 + Level 4.7(4.2) Throwing
 + Level 4.7(4.2) Armour
 + Level 6.3(5.8) Dodging
   Level 0.0 Stealth
 + Level 4.7(4.2) Shields
 + Level 7.7(7.1) Unarmed Combat
 + Level 6.6(6.1) Spellcasting
 + Level 3.9(3.4) Conjurations
 + Level 3.9(3.4) Hexes
 + Level 3.9(3.4) Charms
 + Level 3.9(3.4) Summonings
 + Level 3.9(3.4) Necromancy
 + Level 3.9(3.4) Translocations
 + Level 5.3(4.7) Transmutations
 + Level 3.9(3.4) Fire Magic
 + Level 3.9(3.4) Ice Magic
 + Level 3.9(3.4) Air Magic
 + Level 3.9(3.4) Earth Magic
 + Level 3.9(3.4) Poison Magic
 + Level 5.2(4.6) Invocations
 + Level 4.7(4.2) Evocations


You had 7 spell levels left.
You knew the following spells:

 Your Spells              Type           Power        Failure   Level  Hunger
a - Beastly Appendage     Tmut           ###...       3%          1    None
b - Blade Hands           Tmut           ###.......   65%         5    #####..
c - Ice Form              Ice/Tmut       ###.....     38%         4    ####...
s - Sticks to Snakes      Tmut           ###.....     4%          2    None
x - Spider Form           Tmut/Pois      ###.......   13%         3    ##.....

Your spell library contained the following spells:

 Spells                   Type           Power        Failure   Level  Hunger
 Animate Skeleton         Necr           N/A          5%          1    None
 Apportation              Tloc           ###...       5%          1    None
 Confusing Touch          Hex            ###...       5%          1    None
 Corona                   Hex            ###....      5%          1    None
 Summon Small Mammal      Summ           ###.         5%          1    None
 Ensorcelled Hibernation  Hex/Ice        ###...       9%          2    None
 Confuse                  Hex            ###.....     17%         3    ##.....
 Dazzling Spray           Conj/Hex       ###...       17%         3    ##.....
 Tukima's Dance           Hex            ###.....     17%         3    ##.....


Dungeon Overview and Level Annotations

Branches:
Dungeon (9/15)             Temple (0/1) D:7
   Lair: D:8-11         Orc: D:9-12

Altars:
Ashenzari
Dithmenos
Elyvilon
Makhleb
Qazlal
Ru
Wu Jian
Xom
Zin
The Shining One

Shops:
D:6 [   D:7 %


Innate Abilities, Weirdness & Mutations

Your experience applies equally to all skills.
You have very sharp teeth.
You cannot be stealthy.
You are slightly vulnerable to magic. (MR-)
You are somewhat unskilled. (-1 Apt)
Your uncanny sense of smell can sniff out nearby items.


Message History

You feel resistant to poison.
Unknown command.
Casting: Sticks to Snakes (safe; 4% risk of failure)
Okay, then.
Unknown command.
Things that are here:
a +0 hand axe; an orc corpse You butcher the orc corpse.
q - 4 chunks of flesh
Things that are here:
a +0 hand axe; an orc skeleton
Things that are here:
a +0 hand axe; an orc skeleton
There is a stone staircase leading up here.
Found 5 sling bullets.
Found 12 gold pieces.
Found a stone staircase leading down.
Found 14 gold pieces.
A two-headed ogre comes into view. It is wielding two +0 giant clubs.
The two-headed ogre shouts in stereo!
You hear a shout! x2
Casting: Sticks to Snakes (safe; 4% risk of failure)
You create a snake!
You now have 109 arrows.
A kobold comes into view. It is wielding a +0 club.
Casting: Sticks to Snakes (safe; 4% risk of failure)
You create a snake!
You now have 108 arrows.
The kobold shouts!
A big kobold comes into view. It is wielding a +0 dagger.
You hit the two-headed ogre.
The kobold is stunned by your will and fails to attack.
Your ball python bites the two-headed ogre.
The two-headed ogre hits you with a +0 giant club!! x2
* * * LOW HITPOINT WARNING * * *
You puncture the two-headed ogre!
A kobold comes into view. It is wielding a +0 whip.
Unknown command.
You hit the two-headed ogre but do no damage.
Your ball python bites the two-headed ogre but does no damage.
The kobold is stunned by your will and fails to attack.
Your adder barely misses the two-headed ogre.
Unknown command.
You barely miss the two-headed ogre.
The two-headed ogre hits you with a +0 giant club!
* * * LOW HITPOINT WARNING * * *
The two-headed ogre completely misses you.
Your ball python bites the two-headed ogre but does no damage.
You swap places.
Your adder bites the two-headed ogre.
The two-headed ogre is poisoned.
Your adder poisons the two-headed ogre!
Your ball python barely misses the two-headed ogre.
Your adder bites the two-headed ogre.
The two-headed ogre hits you with a +0 giant club!!
You die...

### #.# #.#
#######.###
.........>#
.KK.K$.$..#
#OS#.# ####S@#.#
#.......#
#.......#
#.##....#
#.......### ∆
##.........
#.##...###. .
#.........#
..######........


You could see a two-headed ogre, a kobold, a friendly adder and a friendly ball
python.

Vanquished Creatures
  An unseen horror (D:8)
  A wraith (Ossuary)
  2 hungry ghosts
  A water moccasin (D:5)
  2 sky beasts (D:7)
  An orc warrior (D:6)
  An ice beast (D:5)
  A black bear (D:6)
  A phantom (D:3)
  3 ogres
  A necrophage (D:8)
  4 centaurs (D:6)
  A bullfrog (D:8)
  A scorpion (D:8)
  10 wights
  2 crimson imps
  A quasit (D:6)
  A bullfrog zombie (D:7)
  7 hounds
  8 orc wizards
  An orc priest (D:8)
  Crazy Yiuf (D:4)
  A centaur skeleton (D:8)
  An iguana (D:5)
  Ijyb (D:4)
  Terence (D:2)
  8 worker ants
  A killer bee zombie (D:6)
  A hound skeleton (D:6)
  3 gnolls (D:8)
  6 adders
  2 shadow imps (D:7)
  An ooze (D:6)
  An adder zombie (Ossuary)
  4 adder skeletons
  2 worms (D:2)
  A dart slug (D:1)
  6 leopard geckos
  45 orcs
  3 ball pythons
  5 bats
  3 giant cockroaches
  7 goblins
  6 hobgoblins
  17 jackals
  6 kobolds
  6 quokkas
  5 ball python skeletons (Ossuary)
  3 frilled lizards
  A hobgoblin skeleton (Ossuary)
  A hobgoblin zombie (Ossuary)
  A jackal zombie (D:5)
  A quokka skeleton (D:6)
  A quokka zombie (D:6)
  6 rats
  2 fungi (D:4)
211 creatures vanquished.

Vanquished Creatures (collateral kills)
  A two-headed ogre (D:8)
  A wraith (Ossuary)
  An orc wizard (D:8)
  2 orcs (D:8)
5 creatures vanquished.

Grand Total: 216 creatures vanquished

Notes
Turn   | Place    | Note
-------+----------+-------------------------------------------
     0 | D:1      | LostNumber the Gnoll Transmuter began the quest for the
                  | Orb.
     0 | D:1      | Reached XP level 1. HP: 17/17 MP: 6/6
    70 | D:1      | Reached XP level 2. HP: 23/23 MP: 5/7
    77 | D:1      | Learned a level 2 spell: Sticks to Snakes
   500 | D:2      | Noticed Terence
   556 | D:2      | Reached XP level 3. HP: 27/28 MP: 7/9
   593 | D:2      | Reached skill level 5 in Spellcasting
   785 | D:2      | Reached skill level 1 in Invocations
   970 | D:2      | Found a sacrificial altar of Ru.
   983 | D:2      | Became a worshipper of Ru the Awakened
  1046 | D:2      | You fall through a shaft for 2 floors!
  1146 | D:3      | Reached skill level 1 in Short Blades
  1146 | D:3      | Reached skill level 1 in Long Blades
  1146 | D:3      | Reached skill level 1 in Axes
  1146 | D:3      | Reached skill level 1 in Maces & Flails
  1146 | D:3      | Reached skill level 1 in Polearms
  1146 | D:3      | Reached skill level 1 in Staves
  1146 | D:3      | Reached skill level 1 in Slings
  1146 | D:3      | Reached skill level 1 in Bows
  1146 | D:3      | Reached skill level 1 in Crossbows
  1146 | D:3      | Reached skill level 1 in Throwing
  1146 | D:3      | Reached skill level 1 in Armour
  1146 | D:3      | Reached skill level 1 in Stealth
  1146 | D:3      | Reached skill level 1 in Shields
  1146 | D:3      | Reached skill level 1 in Evocations
  1151 | D:3      | Learned a level 3 spell: Spider Form
  1187 | D:3      | Reached XP level 4. HP: 34/34 MP: 9/11
  1459 | D:2      | Learned a level 4 spell: Ice Form
  1510 | D:2      | Found a burning altar of Makhleb.
  1529 | D:2      | Killed Terence
  1529 | D:2      | Reached skill level 1 in Conjurations
  1529 | D:2      | Reached skill level 1 in Hexes
  1529 | D:2      | Reached skill level 1 in Charms
  1529 | D:2      | Reached skill level 1 in Summonings
  1529 | D:2      | Reached skill level 1 in Necromancy
  1529 | D:2      | Reached skill level 1 in Translocations
  1529 | D:2      | Reached skill level 1 in Fire Magic
  1529 | D:2      | Reached skill level 1 in Ice Magic
  1529 | D:2      | Reached skill level 1 in Air Magic
  1529 | D:2      | Reached skill level 1 in Earth Magic
  1529 | D:2      | Reached skill level 1 in Poison Magic
  1596 | D:2      | Noticed a balrug
  1599 | D:2      | Noticed a ynoxinul
  1599 | D:2      | Noticed a neqoxec
  1624 | D:2      | Reached XP level 5. HP: 37/40 MP: 12/12
  2008 | D:3      | Gained mutation: You are slightly vulnerable to magic.
                  | (MR-) [Ru sacrifice]
  2008 | D:3      | Reached * piety under Ru
  2054 | D:3      | Noticed a phantom
  2077 | D:3      | Killed a phantom
  2219 | D:4      | Reached XP level 6. HP: 47/47 MP: 13/13
  2421 | D:4      | Reached skill level 5 in Dodging
  2487 | D:4      | Noticed Ijyb
  2499 | D:4      | Killed Ijyb
  2941 | D:4      | Found a runed translucent door.
  2942 | D:4      | Noticed Crazy Yiuf
  2951 | D:4      | Killed Crazy Yiuf
  3119 | D:5      | Entered Level 5 of the Dungeon
  3135 | D:5      | Found a stormy altar of Qazlal.
  3185 | D:5      | Reached XP level 7. HP: 45/52 MP: 15/15
  3240 | D:5      | Reached skill level 7 in Unarmed Combat
  3548 | D:5      | Found a glowing golden altar of the Shining One.
  3632 | D:5      | Found an ornate altar of the Wu Jian Council.
  3799 | D:5      | Learned a level 5 spell: Blade Hands
  3974 | D:6      | Reached XP level 8. HP: 32/60 MP: 16/16
  4167 | D:6      | Gained mutation: You cannot be stealthy. [Ru sacrifice]
  4167 | D:6      | Reached ** piety under Ru
  4247 | D:6      | Found Dycwogoe's Armour Boutique.
  4343 | D:6      | Found a white marble altar of Elyvilon.
  4891 | D:7      | Found Devewuuxi's Food Boutique.
  4931 | D:6      | Reached XP level 9. HP: 64/66 MP: 14/18
  4987 | D:7      | Reached skill level 5 in Transmutations
  5149 | D:7      | Found a staircase to the Ecumenical Temple.
  5609 | D:7      | Gained mutation: You are somewhat unskilled. (-1 Apt) [Ru
                  | sacrifice]
  5609 | D:7      | Reduced skill Dodging to level 5
  5609 | D:7      | Reduced skill Spellcasting to level 5
  5609 | D:7      | Reached *** piety under Ru
  5793 | D:7      | Found a shadowy altar of Dithmenos.
  6488 | D:8      | Noticed a two-headed ogre
  6516 | D:8      | Killed a two-headed ogre
  6516 | D:8      | Reached skill level 5 in Transmutations
  6516 | D:8      | Reached XP level 10. HP: 36/73 MP: 8/19
  6692 | D:8      | Found a sand-covered staircase.
  6700 | Ossuary  | Entered an ossuary
  6768 | Ossuary  | Reached skill level 5 in Fighting
  7422 | D:8      | Noticed an angel
  7423 | D:8      | Found a shimmering altar of Xom.
  7431 | D:8      | Reached skill level 5 in Invocations
  7434 | D:8      | Found a glowing silver altar of Zin.
  7510 | D:8      | Noticed an unseen horror
  7544 | D:8      | Killed an unseen horror
  7640 | D:8      | Found a shattered altar of Ashenzari.
  8165 | D:9      | Noticed a two-headed ogre
  8172 | D:9      | Slain by a two-headed ogre

Skill      XL: |  1  2  3  4  5  6  7  8  9 10 |
---------------+-------------------------------+-----
Spellcasting   | 5 6 6 |  6.6
Invocations    | 1 2 3 4 5 |  5.2
Short Blades   | 1 2 3 4 |  4.7
Long Blades    | 1 2 3 4 |  4.7
Axes           | 1 2 3 4 |  4.7
Maces & Flails | 1 2 3 4 |  4.7
Polearms       | 1 2 3 4 |  4.7
Staves         | 1 2 3 4 |  4.7
Slings         | 1 2 3 4 |  4.7
Bows           | 1 2 3 4 |  4.7
Crossbows      | 1 2 3 4 |  4.7
Throwing       | 1 2 3 4 |  4.7
Armour         | 1 2 3 4 |  4.7
Stealth        | 1 2 0 |  0.0
Shields        | 1 2 3 4 |  4.7
Evocations     | 1 2 3 4 |  4.7
Conjurations   | 1 2 3 |  3.9
Hexes          | 1 2 3 |  3.9
Charms         | 1 2 3 |  3.9
Summonings     | 1 2 3 |  3.9
Necromancy     | 1 2 3 |  3.9
Translocations | 1 2 3 |  3.9
Fire Magic     | 1 2 3 |  3.9
Ice Magic      | 1 2 3 |  3.9
Air Magic      | 1 2 3 |  3.9
Earth Magic    | 1 2 3 |  3.9
Poison Magic   | 1 2 3 |  3.9
Fighting       | 3 4 5 |  5.3
Transmutations | 4 5 |  5.3
Dodging        | 5 6 6 |  6.3
Unarmed Combat | 7 |  7.7

Action                   |  1- 3 |  4- 6 |  7- 9 | 10-12 || total
-------------------------+-------+-------+-------+-------++-------
Melee: Unarmed           |    65 |    55 |       |       ||   120
       Headbutt          |    11 |       |       |       ||    11
       Bite              |     1 |    16 |    50 |    17 ||    84
       Punch             |     1 |     5 |    20 |     6 ||    32
       Short sword       |       |   152 |   503 |   176 ||   831
 Cast: Beastly Appendage |    16 |     1 |       |       ||    17
       Sticks to Snakes  |     2 |       |    13 |     7 ||    22
       Spider Form       |       |     2 |       |       ||     2
Invok: Sacrifice Essence |       |     1 |       |       ||     1
       Sacrifice Stealth |       |       |     1 |       ||     1
       Sacrifice Skill   |       |       |     1 |       ||     1
       Draw Out Power    |       |       |       |     1 ||     1
Evoke: Wand              |       |       |     1 |     1 ||     2
  Use: Scroll            |       |     5 |     2 |     9 ||    16
       Potion            |       |       |       |     1 ||     1
 Stab: Sleeping          |     4 |       |       |       ||     4
       Invisible         |       |       |     2 |       ||     2
  Eat: Chunk             |     1 |     6 |    14 |     2 ||    23
       Ration            |       |       |       |     1 ||     1
Armor: Robe              |     9 |     7 |       |       ||    16
       Skin              |       |     2 |       |    13 ||    15
       Scale mail        |       |    37 |   189 |    53 ||   279
Dodge: Dodged            |    35 |    92 |   208 |    48 ||   383
